 Dungeon Crawl Stone Soup version 0.19.4-8-ga85b6b9 (webtiles) character file.

234 Naow the Conjurer (level 5, -1/28 HPs)
             Began as a Deep Elf Conjurer on Feb 14, 2017.
             Killed from afar by an orc wizard (4 damage)
             ... with a magic dart
             ... on level 4 of the Dungeon.
             The game lasted 00:02:32 (3415 turns).

Naow the Conjurer (Deep Elf Conjurer)               Turns: 3415, Time: 00:02:32

Health: -1/28      AC:  2    Str:  5    XL:     5   Next: 75%
Magic:  1/14       EV: 13    Int: 21    God:
Gold:   132        SH:  0    Dex: 15    Spells: 2 memorised, 11 levels left

rFire  . . .     SeeInvis .     (no weapon)
rCold  . . .     Gourm    .     a - +0 robe
rNeg   . . .     Faith    .     (no shield)
rPois  .         Spirit   .     (no helmet)
rElec  .         Reflect  .     (no cloak)
rCorr  .         Harm     .     (no gloves)
MR     .....                    (no boots)
Stlth  ++........               (no amulet)
                                (no ring)
                                (no ring)

@: slowed, very slow
A: no striking features
a: no special abilities


You were on level 4 of the Dungeon.
You were not hungry.

You visited 1 branch of the dungeon, and saw 4 of its levels.

You collected 132 gold pieces.

Inventory:

Armour
 a - a +0 robe (worn)
Jewellery
 o - an uncursed ring of positive energy {unknown}
 v - a cursed ring of teleportation {unknown}
Scrolls
 e - a scroll of immolation {unknown}
 f - a scroll of amnesia {unknown}
 h - 3 scrolls of teleportation {unknown}
 i - 2 scrolls of blinking {unknown}
 j - 5 scrolls of identify {unknown}
 m - a scroll of noise {unknown}
 n - 3 scrolls of remove curse {unknown}
 p - a scroll of enchant weapon {unknown}
 r - a scroll of fear {unknown}
 w - 2 scrolls of random uselessness {unknown}
Potions
 d - a potion of might {unknown}
 g - 2 potions of heal wounds {unknown}
 k - a potion of curing {unknown}
 l - a potion of lignification {unknown}
 q - a potion of resistance {unknown}
 s - a potion of mutation {unknown}
 u - 2 potions of invisibility {unknown}
 x - a potion of flight {unknown}
 A - a potion of degeneration {unknown}
Books
 b - a book of Conjurations

   Spells                             Type                      Level
   a - Magic Dart                     Conjuration                  1
   b - Searing Ray                    Conjuration                  2
   c - Dazzling Spray                 Conjuration/Hexes            3
   d - Fulminant Prism                Conjuration/Hexes            4
   e - Iskenderun's Mystic Blast      Conjuration                  4
   f - Iskenderun's Battlesphere      Conjuration/Charms           5
Comestibles
 c - 5 bread rations
 t - 2 meat rations
 z - a slice of pizza
 B - 3 chunks of flesh


   Skills:
 - Level 2.4 Dodging
 - Level 2.4 Stealth
 + Level 5.1 Spellcasting
 * Level 6.9 Conjurations


You had 11 spell levels left.
You knew the following spells:

 Your Spells              Type           Power        Failure   Level  Hunger
a - Magic Dart            Conj           ####         1%          1    None
b - Searing Ray           Conj           ####..       1%          2    None


Dungeon Overview and Level Annotations

Branches:
Dungeon (4/15)
 Temple: D:4-7

Altars:
Elyvilon
Okawaru


Message History

The magic dart hits you!
* * * LOW HITPOINT WARNING * * *
Casting: Magic Dart
Confirm with . or Enter, or press ? or * to list all spells.
Aiming: Magic Dart
Press: ? - help, Shift-Dir - straight line, f/p - orc wizard
Aim: an orc wizard, wielding a dagger and wearing a robe The magic dart hits the orc wizard.
The orc wizard gestures wildly while chanting.
The orc wizard blinks!
Casting: Magic Dart
Confirm with . or Enter, or press ? or * to list all spells.
Aiming: Magic Dart
Press: ? - help, Shift-Dir - straight line, f/p - orc wizard
Aim: an orc wizard, wielding a dagger and wearing a robe The magic dart hits the orc wizard.
The orc wizard is heavily wounded.
The orc wizard gestures at you while chanting.
The magic dart hits you!
You die...

####.#####.##..#.#
#...........#
#....##.###.#
#...o##.#
#..[.##.#
#....##.# %
#....##.## ..
#......... ...
#.@####### ....
#.............#
##.######......
#....))........
#########......
#####


You could see an orc wizard.

Vanquished Creatures
  A hound (D:3)
  2 orc wizards (D:4)
  A worker ant (D:4)
  6 adders
  An ooze (D:4)
  5 worms
  A dart slug (D:2)
  A leopard gecko (D:3)
  5 orcs
  2 bats (D:1)
  3 giant cockroaches
  4 goblins (D:1)
  6 hobgoblins
  4 jackals
  A quokka (D:3)
  3 ball pythons (D:1)
  2 frilled lizards
  6 kobolds
  4 rats
58 creatures vanquished.

Notes
Turn   | Place    | Note
-------+----------+-------------------------------------------
     0 | D:1      | Naow the Deep Elf Conjurer began the quest for the Orb.
     0 | D:1      | Reached XP level 1. HP: 10/10 MP: 6/6
   136 | D:2      | Reached XP level 2. HP: 7/15 MP: 0/8
   624 | D:1      | Reached skill level 5 in Conjurations
   717 | D:1      | Reached XP level 3. HP: 19/19 MP: 8/10
   721 | D:1      | Learned a level 2 spell: Searing Ray
  1546 | D:2      | Found a white marble altar of Elyvilon.
  2004 | D:3      | Reached XP level 4. HP: 8/24 MP: 3/12
  2613 | D:3      | Reached skill level 6 in Conjurations
  2831 | D:3      | Reached XP level 5. HP: 28/28 MP: 6/13
  2896 | D:3      | Found an iron altar of Okawaru.
  3383 | D:4      | Reached skill level 5 in Spellcasting
  3415 | D:4      | Killed from afar by an orc wizard

Skill      XL: |  1  2  3  4  5 |
---------------+----------------+-----
Conjurations   | 5 6 |  6.9
Spellcasting   | 4 5 |  5.1
Dodging        | |  2.4
Stealth        | |  2.4

Action                   |  1- 3 |  4- 6 || total
-------------------------+-------+-------++-------
Melee: Unarmed           |    11 |     2 ||    13
 Cast: Magic Dart        |    81 |    89 ||   170
  Eat: Chunk             |     3 |     4 ||     7
Armor: Robe              |     9 |     1 ||    10
Dodge: Dodged            |    30 |    13 ||    43
